AoeStats
← buzzkill

Scandinavia

510457427Analyzed
1v1 RM · 15h ago on Oct 1, 2026· 40m 41s· 2 players
Game mode
Random Map
Map size
Tiny (2 player)
Population
200
Speed
Normal
Resources
Standard
Victory
Conquest
Starting age
Dark Age
Ending age
Imperial Age
RankedLock teamsTeams togetherTeam positionsShared explorationLock speedFull tech treeHidden civsTurbo modeCheats
Victory
Defeat
🇺🇸 Japanese · United States
1136
+15
🇺🇸 Britons · United States
1115
-15
sth
6:27 Loom
9:13 Feudal Age
9:53 Double-Bit Axe
18:19 Castle Age
16:41 Fletching
17:22 Gold Mining
18:52 Stone Mining
21:15 Crossbowman
24:58 Bow Saw
28:56 Imperial Age
26:57 Bodkin Arrow
29:11 Gold Shaft Mining
29:51 Arbalester
32:11 Bracer
32:50 Conscription
34:51 Yeomen
34:14 Pikeman
36:08 Halberdier
37:27 Scale Mail Armor
37:38 Forging
38:22 Ballistics
39:21 Chain Mail Armor
39:55 Wheelbarrow
39:06 Town Watch
38:49 Elite Skirmisher
41:22 Chemistry
buzzkill
10:13 Feudal Age
11:34 Double-Bit Axe
17:52 Castle Age
18:01 Fletching
18:48 Bodkin Arrow
19:39 Thumb Ring
21:36 Elite Skirmisher
22:34 Bow Saw
25:39 Padded Archer Armor
26:29 Ballistics
28:24 Wheelbarrow
28:24 Leather Archer Armor
28:35 Medium Warships
30:09 Loom
30:40 Hand Cart
30:12 Town Watch
33:43 Imperial Age
32:39 Husbandry
32:50 Bloodlines
34:00 Light Cavalry
35:56 Chemistry
36:20 Two-Man Saw
35:47 Town Patrol
36:25 Kataparuto
36:27 Conscription
36:13 Bracer
36:46 Elite Cannon Galleon
39:54 Ring Archer Armor
Connection lost

Rejoining the realm…

Still unreachable

The connection could not be restored.

Session expired

The server has moved on; the page needs a fresh start.